 Dungeon Crawl Stone Soup version 0.21.1 (webtiles) character file.

247 shakethe the Cudgeler (level 5, -3/72 HPs)
             Began as a Minotaur Berserker on Feb 4, 2018.
             Was a Believer of Trog.
             Slain by a phantom (7 damage)
             ... on level 4 of the Dungeon.
             The game lasted 00:08:54 (2587 turns).

shakethe the Cudgeler (Minotaur Berserker)          Turns: 2587, Time: 00:08:55

Health: -3/72      AC:  5    Str: 27    XL:     5   Next: 85%
Magic:  4/4        EV: 11    Int:  4    God:    Trog [**....]
Gold:   163        SH:  0    Dex: 10    Spells: 4/4 levels left

rFire    x . .     SeeInvis .   a - +0 mace
rCold    + . .     Gourm    .   (no shield)
rNeg     . . .     Faith    .   j - +0 ring mail
rPois    .         Spirit   .   (helmet restricted)
rElec    .         Reflect  .   (no cloak)
rCorr    .         Harm     .   (no gloves)
MR       .....                  (no boots)
Stlth    ..........             g - amulet of rage
HPRegen  0.22/turn              i - ring of ice
MPRegen  0.09/turn              (no ring)

@: berserking, lethally poisoned (-3 -> -9), very quick
A: retaliatory headbutt, horns 2
a: Berserk, Trog's Hand, Burn Spellbooks, Renounce Religion, Evoke Berserk Rage


You were on level 4 of the Dungeon.
You worshipped Trog.
Trog was pleased with you.
You were very hungry.

You visited 1 branch of the dungeon, and saw 4 of its levels.

You collected 163 gold pieces.

Inventory:

Hand Weapons
 a - a +0 mace (weapon)
Missiles
 l - 2 javelins (quivered)
Armour
 b - a +0 animal skin
 j - a +0 ring mail (worn)
 v - a +0 scale mail
Jewellery
 g - an amulet of rage (around neck)
 i - a ring of ice (left hand)
 q - an uncursed amulet of rage
Scrolls
 d - 3 scrolls of identify {unknown}
 e - 2 scrolls of enchant weapon {unknown}
 f - 4 scrolls of teleportation {unknown}
 h - 2 scrolls of magic mapping {unknown}
 k - a scroll of remove curse {unknown}
 n - 3 scrolls of fear {unknown}
 s - a scroll of amnesia {unknown}
 u - a scroll of enchant armour {unknown}
Potions
 m - 2 potions of degeneration {unknown}
 o - a potion of curing {unknown}
 p - a potion of agility {unknown}
 r - a potion of ambrosia {unknown}
Comestibles
 c - 7 rations
 t - a chunk of flesh


   Skills:
 + Level 5.4 Fighting
 * Level 6.9 Maces & Flails
 - Level 2.4 Armour
 - Level 2.2 Dodging


You had 4 spell levels left.
You didn't know any spells.

Dungeon Overview and Level Annotations

Branches:
Dungeon (4/15)
 Temple: D:4-7

Altars:

Shops:
D:4 %


Innate Abilities, Weirdness & Mutations

You reflexively headbutt those who attack you in melee.
You have a pair of horns on your head.


Message History

The phantom is lightly damaged.
You feel sick. The phantom hits you!
* * * LOW HITPOINT WARNING * * *
The phantom blinks!
The worker ant bites you.
* * * LOW HITPOINT WARNING * * *
* * * LOW HITPOINT WARNING * * *
You feel sick. The worker ant bites you.
* * * LOW HITPOINT WARNING * * *
A red film seems to cover your vision as you go berserk!
You feel yourself moving faster!
You feel mighty!
You are feeling very hungry.
* * * LOW HITPOINT WARNING * * *
You feel sick. The worker ant closely misses you. You furiously retaliate!
You headbutt the worker ant!
You kill the worker ant!
Trog accepts your kill.
You hit the phantom. Your headbutt misses the phantom.
The phantom is moderately damaged.
The phantom hits you!
You die...

..........# .. ....#
#....####.# #. ..... #..###
##. #### ..... #..# .. ..#.#
#..... #..# #. #.##.###.....
...#### #.##.# #.#....
......# #..##.[#.####..#
...##.# #.....[†.......#
.......^...###.#@####.##
.#.##.####.....W.# #.#
.#.##.# #####.### #.# .#.##.#
#.# #.#
.#.##.########.######.#
...................##.#####.
......####.###.###..........#
.####.# #.........<.........
#####.# ####################


You could see a phantom.

Vanquished Creatures
  3 worker ants (D:4)
  Robin (D:3)
  7 adders
  3 worms
  4 dart slugs
  2 leopard geckos
  5 orcs
  7 bats
  3 giant cockroaches
  14 goblins
  12 hobgoblins
  9 kobolds
  2 quokkas
  3 frilled lizards
  7 rats
82 creatures vanquished.

Notes
Turn   | Place    | Note
-------+----------+-------------------------------------------
     0 | D:1      | shakethe the Minotaur Berserker began the quest for the Orb.
     0 | D:1      | Reached XP level 1. HP: 19/19 MP: 0/0
    90 | D:1      | Reached skill level 4 in Maces & Flails
   165 | D:1      | Reached XP level 2. HP: 27/27 MP: 1/1
   945 | D:2      | Reached XP level 3. HP: 30/33 MP: 2/2
  1081 | D:2      | Reached ** piety under Trog
  1171 | D:2      | Reached skill level 5 in Maces & Flails
  1451 | D:3      | Noticed Robin
  1663 | D:3      | Killed Robin
  1663 | D:3      | Reached XP level 4. HP: 30/41 MP: 3/3
  2076 | D:3      | Reached skill level 6 in Maces & Flails
  2161 | D:3      | Reached XP level 5. HP: 32/47 MP: 4/4
  2274 | D:4      | Reached skill level 5 in Fighting
  2497 | D:4      | Found Plog's Food Shop.
  2574 | D:4      | Noticed a phantom
  2587 | D:4      | Slain by a phantom

Skill      XL: |  1  2  3  4  5 |
---------------+----------------+-----
Maces & Flails | 4 5 6 |  6.9
Fighting       | 4 5 |  5.4
Armour         | |  2.4
Dodging        | |  2.2

Action                   |  1- 3 |  4- 6 || total
-------------------------+-------+-------++-------
Melee: Mace              |    78 |    89 ||   167
       Headbutt          |    17 |    20 ||    37
Invok: Berserk           |     3 |     1 ||     4
 Stab: Sleeping          |     1 |       ||     1
  Eat: Chunk             |     5 |     3 ||     8
Armor: Animal skin       |    16 |       ||    16
       Ring mail         |    11 |    38 ||    49
Dodge: Dodged            |    81 |    51 ||   132
